 Dungeon Crawl Stone Soup version 0.20.1-1-g8b1a95d (webtiles) character file.

65 Nachka the Ducker (level 3, 0/17 HPs)
             Began as a Felid Berserker on Sept 17, 2017.
             Was a Believer of Trog.
             Slain by a worker ant (5 damage)
             ... on level 2 of the Dungeon.
             The game lasted 00:11:05 (2273 turns).

Nachka the Ducker (Felid Berserker)                 Turns: 2273, Time: 00:11:06

Health: 0/17       AC:  1    Str: 14    XL:     3   Next: 92%
Magic:  4/4        EV: 20    Int:  8    God:    Trog [**....]
Gold:   153        SH:  0    Dex: 15    Spells: 2/2 levels left
                                        Lives:  0   Deaths: 0

rFire    . . .     SeeInvis +     - Unarmed
rCold    . . .     Gourm    .   (shield unavailable)
rNeg     . . .     Faith    .   (armour unavailable)
rPois    .         Spirit   .   (helmet unavailable)
rElec    .         Reflect  .   (cloak unavailable)
rCorr    .         Harm     .   (gloves unavailable)
MR       .....                  (boots unavailable)
Stlth    ++........             (no amulet)
Regen    0.1/turn               (no ring)
MPRegen  0.1/turn               (no ring)

@: quick
A: no armour, no weapons or thrown items, stealth, claws 1, fangs 3, see
invisible, carnivore 3, speed 1, shaggy fur 1, slow metabolism 1, sharp paws
a: Berserk, Trog's Hand, Burn Spellbooks, Renounce Religion


You were on level 2 of the Dungeon.
You worshipped Trog.
Trog was pleased with you.
You were very full.

You visited 1 branch of the dungeon, and saw 3 of its levels.

You collected 153 gold pieces.

Inventory:

Scrolls
 c - a scroll of identify {unknown}
 e - a scroll of noise {unknown}
Potions
 b - a potion of curing {unknown}
 d - a potion of agility {unknown}
 f - a potion of lignification {unknown}
Comestibles
 a - a meat ration
 g - a royal jelly


   Skills:
 + Level 3.5 Fighting
 + Level 4.7 Dodging
 * Level 1.1 Stealth
 + Level 3.9 Unarmed Combat


You had 2 spell levels left.
You didn't know any spells.

Dungeon Overview and Level Annotations

Branches:
Dungeon (3/15)

Altars:
Cheibriados
Elyvilon
Trog
Vehumet


Innate Abilities, Weirdness & Mutations

You cannot wear armour.
You are incapable of wielding weapons or throwing items.
Your paws allow you to move quietly. (Stealth)
You have sharp claws.
You have razor-sharp teeth.
You have supernaturally acute eyesight. (SInv)
You are carnivorous and can eat meat at any time.
You cover ground quickly.
You are covered in fur. (AC +1)
You have a slow metabolism.
Your sharp claws are effective at attacking unaware monsters.


Message History

You climb downwards.
A kobold and 4 dart slugs come into view.
The kobold shouts!
The orc misses you. The orc hits you with a flail!
The adder hisses angrily.
Found a scroll labeled WYNIERCH PEUKKE, 7 arrows and a meat ration.
A rat comes into view.
There is a stone staircase leading up, spattered with blood here.
The rat moves out of view.
The worker ant barely misses you. The adder completely misses you.
The orc completely misses you.
You climb upwards.
There is a stone staircase leading down here.
You barely miss the orc. The worker ant closely misses you.
You barely miss the orc. The orc hits you with a flail.
* * * LOW HITPOINT WARNING * * *
The worker ant completely misses you.
You scratch the orc. Your claw misses the orc.
The orc is severely wounded.
The worker ant bites you.
You die...

###### #<...# ####.#
##################
#.####.................
#.........).....#######
######a#####....#......
#@o...............
########...#......
#...#...... #####......
#...... #...... #......
####### #####


You could see a worker ant and an orc.

Vanquished Creatures
  2 adders (D:2)
  4 leopard geckos
  7 bats
  2 giant cockroaches (D:1)
  7 goblins
  7 hobgoblins
  2 jackals (D:2)
  3 kobolds (D:1)
  A ball python (D:1)
  2 frilled lizards
  A rat (D:2)
38 creatures vanquished.

Notes
Turn   | Place    | Note
-------+----------+-------------------------------------------
     0 | D:1      | Nachka the Felid Berserker began the quest for the Orb.
     0 | D:1      | Reached XP level 1. HP: 10/10 MP: 2/2
   126 | D:1      | Reached XP level 2. HP: 11/14 MP: 3/3
   656 | D:1      | Reached XP level 3. HP: 17/17 MP: 4/4
  1105 | D:2      | Reached ** piety under Trog
  1769 | D:2      | Reached skill level 1 in Stealth
  1812 | D:2      | Found a radiant altar of Vehumet.
  1845 | D:2      | Found a white marble altar of Elyvilon.
  1845 | D:2      | Found a snail-covered altar of Cheibriados.
  1941 | D:2      | Found a bloodstained altar of Trog.
  2273 | D:2      | Slain by a worker ant

Skill      XL: |  1  2  3 |
---------------+----------+-----
Stealth        | 1 |  1.1
Fighting       | |  3.5
Dodging        | |  4.7
Unarmed Combat | |  3.9

Action                   || total
-------------------------++-------
Melee: Unarmed           ||   125
       Bite              ||    10
       Punch             ||     4
  Eat: Chunk             ||     5
       Meat ration       ||     1
Armor: Skin              ||     5
Dodge: Dodged            ||   115
